 Dungeon Crawl Stone Soup version 0.29.1-12-g30fa7ad0bf (webtiles) character file.

Game seed: 2849326217631033091

927 xian the Skirmisher (level 7, -2/40 (42) HPs)
             Began as a Deep Elf Hunter on Dec 22, 2022.
             Was a Follower of Fedhas.
             Slain by a wight
             ... wielding a +4 spear
              (6 damage)
             ... on level 6 of the Dungeon.
             The game lasted 00:11:55 (4151 turns).

xian the Skirmisher (Deep Elf Hunter)               Turns: 4151, Time: 00:11:55

HP:   -2/40 (42)    AC:  6    Str: 10    XL:     7   Next: 85%
MP:   9/9           EV: 13    Int: 14    God:    Fedhas [*.....]
Gold: 1628          SH:  0    Dex: 18    Spells: 6/6 levels left

rFire   . . .      SeeInvis .   f - +2 arbalest (freeze)
rCold   . . .      Faith    .   (shield currently unavailable)
rNeg    . . .      Spirit   .   c - +0 leather armour
rPois   .          Reflect  .   (no helmet)
rElec   .          Harm     .   (no cloak)
rCorr   .          Rampage  .   (no gloves)
Will    .....                   g - +2 pair of boots
Stlth   ++........              s - amulet of regeneration
HPRegen 0.93/turn               q - ring of wizardry
MPRegen 0.11/turn               (no ring)

@: attractive, lightly drained
A: no striking features
a: Renounce Religion


You were on level 6 of the Dungeon.
You worshipped Fedhas.
Fedhas was aware of your devotion.
You visited 2 branches of the dungeon, and saw 7 of its levels.

You collected 2352 gold pieces.
You spent 724 gold pieces at shops.

Inventory:

Hand Weapons
 f - a +2 arbalest of freezing (weapon)
 y - a +1 hand crossbow of freezing
 A - a +1 long sword of flaming
Armour
 c - a +0 leather armour (worn)
 g - a +2 pair of boots (worn)
Magical Staves
 e - a staff of earth
Jewellery
 i - an amulet of magic regeneration
 q - a ring of wizardry (left hand)
 s - an amulet of regeneration (around neck)
Scrolls
 b - a scroll of immolation
 j - 2 scrolls of amnesia
 m - 2 scrolls of fear
 o - 2 scrolls of butterflies
 p - a scroll of silence
 r - 3 scrolls of teleportation
 v - a scroll of poison
Potions
 h - 2 potions of attraction
 k - 2 potions of curing {unknown}
 l - a potion of magic {unknown}
 n - a potion of berserk rage {unknown}
 t - a potion of flight {unknown}
 w - a potion of might {unknown}
 x - a potion of heal wounds {unknown}
 z - a potion of brilliance {unknown}


   Skills:
 + Level 3.8 Fighting
 + Level 10.5 Ranged Weapons
 + Level 2.1 Armour
 + Level 3.4 Dodging
 + Level 2.0 Stealth


You had 6 spell levels left.
You didn't know any spells.
Your spell library contained the following spells:

 Spells                   Type           Power      Damage    Failure   Level
 Sublimation of Blood     Necr           0%         N/A       22%         2
 Petrify                  Tmut/Erth      0%         N/A       80%         4
 Irradiate                Conj/Tmut      0%         3d11      98%         5


Dungeon Overview and Level Annotations

Branches:
Dungeon (6/15)             Temple (1/1) D:4

Altars:
Cheibriados
Dithmenos
Fedhas
Gozag
Hepliaklqana
Kikubaaqudgha
Makhleb
Nemelex Xobeh
Okawaru
Qazlal
Ru
Sif Muna
Trog
Uskayaw
Vehumet
Wu Jian
Xom
Yredelemnul

Shops:
D:1 =   D:4 [   D:5 (


Message History

You destroy the wight!
Fedhas accepts your kill.
The wight hits you with a +5 battleaxe of freezing.
You feel drained. The wight freezes you.
A wight comes into view. It is wielding a +0 halberd.
Your life force feels restored.
You shoot a bolt. The bolt hits the wight.
The wight is moderately damaged.
The wight hits you but does no damage.
You shoot a bolt. The bolt closely misses the wight.
The bolt hits the wight!
The bolt freezes the wight.
The wight is severely damaged.
The wight hits you from afar with a +4 spear.
The wight closely misses you.
You shoot a bolt. The bolt closely misses the wight. x2
The bolt hits the wight!
You destroy the wight!
Fedhas accepts your kill. The wight closely misses you.
The wight barely misses you. The wight closely misses you.
You shoot a bolt. The bolt barely misses the wight.
The wight closely misses you. x2
You shoot a bolt. The bolt closely misses the wight.
The wight hits you but does no damage.
The wight hits you with a +5 battleaxe of freezing!
You feel drained.
* * * LOW HITPOINT WARNING * * *
The wight freezes you.
* * * LOW HITPOINT WARNING * * *
The wight hits you from afar with a +4 spear.
* * * LOW HITPOINT WARNING * * *
The wight barely misses you.
You are too injured to fight recklessly!
Unknown command.
Okay, then.
It was a potion of attraction.
You feel attractive to monsters.
The wight hits you from afar with a +4 spear.
You die...
Fedhas appreciates your contribution to the ecosystem.

.. .)..........#
#.####### .......$....#
#........ ..).........#
#<....
........#...######......
........................
.....z.................#
..)...)z...........#####
#.....@.<.........#
#.............(..##
#................#
##................#
##................##
#................##
..#.#...........##
#.#......####...
########...##.### ##..


You could see 2 wights.

Vanquished Creatures
  A centaur (D:6)
  2 phantoms
  A scorpion (D:5)
  3 wights (D:6)
  A howler monkey (D:5)
  A jelly (D:5)
  An orc priest (D:5)
  3 hounds
  3 iguanas
  An orc wizard (D:5)
  10 adders
  2 ufetubi
  3 worms
  2 dart slugs
  2 orcs (D:5)
  6 endoplasms
  3 giant cockroaches
  8 goblins
  3 hobgoblins
  3 jackals (D:4)
  8 kobolds
  7 quokkas
  7 ball pythons
  7 bats
  4 frilled lizards
  7 rats
99 creatures vanquished.

Vanquished Creatures (others)
  A human (D:5)
  31 plants (D:5)
32 creatures vanquished.

Grand Total: 131 creatures vanquished

Notes
Turn   | Place    | Note
-------+----------+-------------------------------------------
     0 | D:1      | xian the Deep Elf Hunter began the quest for the Orb.
     0 | D:1      | Reached XP level 1. HP: 12/12 MP: 3/3
    96 | D:1      | Found Bonacw's Jewellery Boutique.
   174 | D:1      | Reached XP level 2. HP: 13/16 MP: 4/4
   621 | D:1      | Found a faded altar of an unknown god.
   799 | D:2      | Reached skill level 6 in Ranged Weapons
   850 | D:2      | Reached XP level 3. HP: 21/21 MP: 5/5
  1127 | D:2      | Reached XP level 4. HP: 22/26 MP: 6/6
  1403 | D:3      | Found a bloodstained altar of Trog.
  1596 | D:3      | Reached skill level 7 in Ranged Weapons
  1796 | D:3      | Reached skill level 1 in Armour
  1976 | D:3      | Reached XP level 5. HP: 30/30 MP: 7/7
  2287 | D:4      | Noticed a phantom
  2302 | D:4      | Killed a phantom
  2303 | D:4      | Reached skill level 8 in Ranged Weapons
  2375 | D:4      | Reached XP level 6. HP: 36/36 MP: 8/8
  2388 | D:4      | Found a shadowy altar of Dithmenos.
  2388 | D:4      | Found a burning altar of Makhleb.
  2389 | D:4      | Found a blossoming altar of Fedhas.
  2480 | D:4      | Found Mimpoluh's Armour Shop.
  2488 | D:4      | Bought a +2 pair of boots for 165 gold pieces
  2495 | D:4      | Found a staircase to the Ecumenical Temple.
  2543 | Temple   | Entered the Ecumenical Temple
  2710 | D:4      | Found a sparkling altar of Nemelex Xobeh.
  3081 | D:4      | Became a worshipper of Fedhas Madash
  3124 | D:5      | Entered Level 5 of the Dungeon
  3140 | D:5      | Found Woboerib's Hydra Hut.
  3146 | D:5      | Noticed an eight-headed hydra
  3231 | D:5      | Reached skill level 9 in Ranged Weapons
  3324 | D:5      | Reached XP level 7. HP: 40/40 MP: 9/9
  3324 | D:5      | Found an ancient bone altar of Kikubaaqudgha.
  3355 | D:5      | Noticed a human
  3357 | D:5      | Killed a human
  3898 | D:5      | Found a sacrificial altar of Ru.
  4014 | D:6      | Identified 2 scrolls of acquirement
  4014 | D:6      | Acquired 987 gold pieces
  4016 | D:6      | Acquired 979 gold pieces
  4073 | D:5      | Bought a +2 arbalest of freezing for 241 gold pieces
  4073 | D:5      | Bought a +1 hand crossbow of freezing for 159 gold pieces
  4073 | D:5      | Bought a +1 long sword of flaming for 159 gold pieces
  4139 | D:6      | Reached skill level 10 in Ranged Weapons
  4145 | D:6      | Reached * piety under Fedhas
  4151 | D:6      | Slain by a wight

Illustrated notes

Levels and vault maps discovered:
D:1:      nzn_arrival_crosshair, layout_basic, serial_shops, shop_fountains,
          shapermc_ecumenical_altar_petra
D:2:      layout_basic, kennysheep_crisscross
D:3:      minmay_chambers_of_twos, layout_loops_ring, lemuel_round_altar,
          minmay_door_square, chequers_arboretum
D:4:      layout_basic, nicolae_overflow_quartered_altars,
          minmay_temple_entry_butterflies, serial_shops, shop
D:5:      layout_loops_ring, tgw_kikubaaqudgha, lemuel_coloured_pillars_altar,
          serial_bayou, serial_bayou_lagoon_a, serial_bayou_pond_e,
          serial_bayou_ford_a, serial_bayou_lake_a, doesnt_shop_hydraphobe
D:6:      minmay_chambers_of_fours, layout_rooms, elyvilon_altar_3,
          general_overflow_altar, portal_sewer_entry_b
Temple:   minmay_freezing_vapour_temple

Skill      XL: |  1  2  3  4  5  6  7 |
---------------+----------------------+-----
Ranged Weapons | 6 7 8 9 10 | 10.5
Fighting       | 2 3 |  3.8
Armour         | 1 2 |  2.1
Dodging        | 3 |  3.4
Stealth        | 2 |  2.0

Action                   |  1- 3 |  4- 6 |  7- 9 || total
-------------------------+-------+-------+-------++-------
 Fire: Shortbow          |    84 |   182 |    44 ||   310
       Arbalest          |       |       |    14 ||    14
  Use: Scroll            |       |     8 |     6 ||    14
       Potion            |       |       |     1 ||     1
Armor: Leather armour    |     4 |    32 |    16 ||    52
Dodge: Dodged            |    25 |    62 |     9 ||    96
